Map: [TLMC22] Fear and Faith

Players

ringwraith

  • Race: Protoss Protoss
  • Spawn Location: 7:00

Viper

  • Race: Terran Terran
  • Spawn Location: 5:00

A.I. 3 (Harder)

  • Race: Terran Terran
  • Spawn Location: 11:00

Zarepath - Winner!

  • Race: Zerg Zerg
  • League: Platinum
  • Spawn Location: 1:00

VOD

Have the link to the VOD?

Description

You need to cast this replay. It is the most intense game of SC2 you will ever find.

Time

  • Played on: June 26, 2026, 9:09 p.m.
  • Length: 40:56
Show
View Real Time Build Order
Export as new Build Order

ringwraith Protoss 

Build Orders:  

Get SALT Encoding   

  8  0:00  Probe (Chrono Boost)  
  9  0:12  Probe (Chrono Boost)  
  10  0:19  Probe (Chrono Boost)  
  11  0:26  Probe  
  12  0:33  Pylon  
  12  0:39  Probe  
  13  0:52  Gateway  
  13  0:55  Probe (Chrono Boost)  
  14  1:08  Probe (Chrono Boost)  
  14  1:09  Assimilator  
  15  1:14  Probe (Chrono Boost)  
  16  1:27  Probe  
  17  1:41  Cybernetics Core  
  17  1:43  Probe  
  18  1:55  Probe  
  19  2:07  Probe  
  20  2:10  Pylon  
  20  2:20  Warp Gate (Chrono Boost)  
  21  2:28  Zealot  
  22  2:34  Assimilator  
  22  2:39  Gateway x2  
  22  2:41  Gateway  
  22  2:42  Probe  
  23  2:56  Stalker  
  25  3:09  Probe  
  26  3:15  Pylon  
  26  3:24  Pylon  
  26  3:38  Pylon  
  26  3:39  Probe  
  27  3:56  Stalker x3  
  27  3:57  Stalker  
  35  4:20  Stalker x3  
  41  4:53  Pylon  
  41  4:56  Pylon  
  41  5:14  Zealot  
  41  5:15  Zealot x3  
  47  5:42  Stalker  
  43  5:43  Stalker x3  
  49  6:05  Stalker x3  
  49  6:07  Zealot  
  57  6:18  Pylon  
  57  6:34  Stalker  
  57  6:35  Stalker x2  
  57  6:38  Zealot  
  65  6:58  Stalker  
  65  6:59  Stalker  
  66  7:31  Probe (Chrono Boost)  
  66  7:35  Stalker x2  
  71  7:37  Zealot  
  71  7:41  Probe (Chrono Boost)  
  74  7:46  Probe (Chrono Boost)  
  75  8:01  Stalker  
  77  8:19  Pylon  
  71  8:57  Pylon  
  71  8:59  Pylon  
  71  9:29  Nexus  
  71  9:33  Pylon  
  71  9:36  Assimilator  
  71  9:46  Stalker x3  
  77  9:54  Pylon  
  77  9:57  Probe  
  78  10:02  Stalker  
  80  10:09  Probe  
  80  10:10  Stalker x2  
  85  10:18  Assimilator  
  85  10:41  Probe x2  
  87  10:45  Stalker x2  
  87  10:47  Zealot  
  93  10:53  Probe x2  
  94  11:05  Probe  
  95  11:12  Robotics Facility  
  90  11:52  Pylon  
  70  12:17  Observer (Chrono Boost)  
  71  12:26  Pylon  
  63  12:46  Probe x2  
  63  12:58  Probe x2  
  63  13:05  Pylon  
  65  13:07  Pylon  
  65  13:10  Immortal  
  65  13:11  Probe (Chrono Boost)  
  70  13:13  Probe (Chrono Boost)  
  70  13:14  Pylon  
  70  13:17  Forge  
  71  13:25  Probe (Chrono Boost)  
  73  13:28  Probe (Chrono Boost)  
  73  13:35  Probe (Chrono Boost)  
  73  13:40  Robotics Bay  
  74  13:42  Pylon  
  74  13:57  Probe x2  
  74  14:01  Robotics Facility  
  76  14:05  Protoss Ground Weapons Level 1 (Chrono Boost)  
  80  14:17  Immortal  
  80  14:21  Nexus  
  80  14:31  Pylon  
  80  14:44  Extended Thermal Lance (Chrono Boost)  
  80  14:52  Colossus  
  86  14:57  Observer  
  87  15:05  Probe  
  87  15:06  Probe  
  89  15:18  Probe x2  
  91  15:30  Probe  
  92  15:38  Colossus  
  92  15:39  Pylon  
  98  15:48  Probe (Chrono Boost)  
  100  15:58  Probe (Chrono Boost)  
  100  16:03  Probe (Chrono Boost)  
  100  16:06  Colossus  
  107  16:14  Probe  
  108  16:27  Probe  
  108  16:28  Nexus  
  108  16:45  Pylon  
  108  16:54  Probe (Chrono Boost)  
  109  17:05  Twilight Council, Probe (Chrono Boost)  
  110  17:10  Probe (Chrono Boost)  
  111  17:19  Assimilator  
  111  17:20  Assimilator, Probe  
  112  17:23  Assimilator  
  112  17:26  Pylon  
  112  17:29  Assimilator  
  112  17:31  Colossus x2  
  112  17:33  Probe  
  125  17:45  Probe  
  126  17:57  Probe  
  126  17:58  Probe x3  
  130  18:09  Probe  
  130  18:10  Probe x2  
  41  19:12  Pylon  
  41  19:16  Pylon  
  26  19:38  Gateway  
  26  19:48  Forge  
  25  20:27  Cybernetics Core  
  25  20:44  Pylon  
  25  21:19  Nexus  
  25  21:23  Pylon  
  25  21:42  Stargate  
  25  21:45  Stargate  
  2  22:27  Void Ray  
  6  22:30  Void Ray  
  10  22:37  Probe (Chrono Boost)  
  10  22:47  Probe (Chrono Boost)  
  11  22:52  Probe (Chrono Boost)  
  12  23:04  Probe  
  17  23:16  Probe  
Show
View Real Time Build Order
Export as new Build Order

Viper Terran 

Build Orders:  

Get SALT Encoding   

  8  0:02  SCV  
  9  0:14  SCV  
  10  0:26  SCV  
  11  0:31  Supply Depot  
  11  0:38  SCV  
  12  0:51  SCV  
  13  1:03  SCV  
  14  1:07  Barracks  
  14  1:16  Refinery  
  14  1:35  SCV  
  15  1:47  SCV  
  16  1:57  Refinery  
  16  1:59  SCV  
  17  2:10  Supply Depot  
  17  2:34  Supply Depot  
  17  2:43  Barracks  
  17  2:46  Barracks Reactor  
  17  2:47  SCV  
  18  2:56  Supply Depot  
  18  2:59  SCV  
  18  3:01  Barracks  
  18  3:05  Engineering Bay  
  19  3:08  Engineering Bay  
  19  3:11  SCV  
  20  3:23  SCV  
  21  3:28  Supply Depot  
  21  3:30  Barracks Reactor  
  21  3:36  Terran Infantry Weapons Level 1  
  21  3:43  Refinery  
  21  3:44  SCV  
  22  3:52  Marine  
  23  4:09  Marine x2  
  25  4:16  Barracks Reactor  
  25  4:30  Terran Infantry Armor Level 1  
  25  4:35  Command Center  
  25  4:42  Orbital Command  
  25  4:50  Marine x2  
  27  5:05  Barracks  
  27  5:11  Factory  
  27  5:19  Reaper  
  28  5:25  Reaper  
  29  5:34  Marine x2  
  29  5:35  Marine x2  
  33  5:56  Barracks Tech Lab  
  33  6:06  SCV  
  34  6:18  SCV, Armory  
  35  6:22  Factory  
  35  6:26  SCV  
  35  6:30  SCV  
  37  6:38  SCV  
  38  6:42  SCV  
  39  6:47  Refinery  
  39  6:50  SCV  
  40  6:54  SCV  
  41  7:02  SCV  
  41  7:14  Marine x2  
  42  7:20  Stimpack  
  42  7:22  SCV  
  43  7:25  Marine x4  
  47  7:31  Marine x2  
  47  7:34  SCV  
  50  7:39  Factory Tech Lab, Supply Depot  
  50  7:43  Factory  
  50  7:46  Factory Tech Lab, SCV  
  50  7:49  Marine x2  
  50  7:50  Terran Infantry Weapons Level 2  
  54  8:02  Supply Depot  
  54  8:03  Orbital Command  
  53  8:07  Marine x2  
  55  8:20  SCV  
  56  8:32  SCV  
  47  8:45  SCV  
  39  8:57  SCV  
  39  8:59  Combat Shield  
  36  9:07  Factory Tech Lab  
  36  9:09  SCV  
  37  9:11  Siege Tank x2  
  42  9:26  Sensor Tower  
  42  9:38  Command Center  
  41  9:41  Siege Tank  
  41  9:43  Siege Tank x2  
  50  9:50  Marine x4  
  54  10:05  Terran Infantry Armor Level 2  
  54  10:07  Marine  
  54  10:08  Marine x2  
  54  10:09  Barracks Reactor  
  54  10:13  Siege Tank  
  60  10:45  Terran Infantry Weapons Level 3  
  60  11:21  SCV  
  60  11:33  SCV  
  61  11:45  SCV  
  62  11:54  SCV  
  62  11:57  SCV  
  64  12:06  SCV  
  65  12:09  SCV  
  66  12:19  SCV  
  66  12:22  Terran Infantry Armor Level 3  
  67  12:28  Supply Depot  
  67  12:31  SCV  
  68  12:43  SCV  
  69  12:48  Barracks  
  69  12:52  Supply Depot  
  69  12:56  Refinery  
  69  13:13  Refinery  
  69  13:28  Barracks Reactor  
  69  13:36  Barracks  
  68  13:52  Barracks Reactor  
  65  14:04  SCV  
  66  14:15  Starport  
  66  14:16  SCV  
  67  14:28  SCV  
  68  14:47  Orbital Command  
  68  14:48  Command Center  
  68  14:52  Barracks Reactor  
  68  14:53  Starport  
  68  15:00  Starport Reactor  
  68  15:43  Marine  
  68  15:44  Marine x9  
  78  15:50  Refinery  
  78  15:52  Supply Depot  
  78  15:54  Starport Reactor  
  78  15:55  Medivac x2  
  82  16:01  Marine x5  
  82  16:02  Marine x5  
  92  16:18  SCV  
  92  16:19  Marine x10  
  92  16:21  SCV  
  92  16:25  Medivac x2  
  108  16:31  SCV  
  109  16:33  SCV  
  109  16:37  Marine x9  
  119  16:46  Supply Depot  
  119  17:07  Marine, Medivac x2, SCV x2  
  126  17:09  Supply Depot  
  126  17:19  SCV  
  127  17:31  Marine x8, Supply Depot  
  127  17:33  Supply Depot  
  135  17:52  Marine x7, SCV  
  135  17:54  Marine x3, Medivac x2, SCV  
  135  17:55  Supply Depot  
  151  18:15  Supply Depot x2  
  151  18:17  Marine x7, SCV  
  151  18:18  Supply Depot  
  159  18:36  Marine x6, Medivac x2  
  159  18:37  SCV  
  159  18:38  Supply Depot  
  170  18:41  Supply Depot  
  170  18:49  SCV  
  171  19:01  SCV  
  172  19:07  Supply Depot  
  166  20:48  Marine x9  
  166  20:49  Marine  
  156  21:06  Marine x10  
  143  21:24  Marine x9  
  143  21:33  Viking  
  143  21:34  Viking x3  
  144  21:42  Marine x4  
  134  22:03  Viking  
  134  22:04  Viking x3  
  63  37:43  Orbital Command  
Show
View Real Time Build Order
Export as new Build Order

A.I. 3 (Harder) Terran 

Build Orders:  

Get SALT Encoding   

  8  0:01  SCV  
  9  0:13  SCV  
  10  0:25  SCV  
  11  0:37  SCV  
  12  0:46  Supply Depot  
  12  0:49  SCV  
  13  1:07  SCV  
  13  1:09  Barracks  
  14  1:19  SCV  
  14  1:20  Refinery  
  15  1:31  SCV  
  16  1:43  SCV  
  17  1:56  SCV  
  17  1:57  Supply Depot  
  17  1:59  Marine  
  19  2:08  SCV  
  20  2:16  Barracks, Marine  
  20  2:20  Orbital Command  
  21  2:28  Refinery  
  21  2:35  Barracks Tech Lab  
  21  2:43  Supply Depot  
  21  2:45  SCV  
  22  2:53  Marine  
  23  3:02  Marine  
  24  3:11  Marauder  
  26  3:16  Supply Depot  
  26  3:20  Marine  
  27  3:32  Marine  
  28  3:38  Marine  
  29  3:50  Marauder  
  29  3:54  Supply Depot  
  31  3:56  Marine  
  32  4:03  SCV  
  33  4:11  Marine  
  33  4:13  Marine  
  33  4:15  SCV, Engineering Bay  
  36  4:27  SCV  
  36  4:30  Marauder  
  39  4:33  Supply Depot  
  39  4:39  SCV  
  40  4:51  Marauder, SCV  
  43  5:03  SCV  
  44  5:12  Marauder  
  46  5:15  SCV  
  47  5:34  Marauder  
  47  5:35  Marine  
  33  5:45  Factory  
  33  5:48  Factory  
  28  5:51  SCV  
  28  5:53  Marine  
  28  5:55  Marine  
  24  6:03  SCV  
  4  6:12  Marine  
  4  6:13  Marauder  
  4  6:15  SCV  
  5  6:27  SCV  
  5  6:30  Marine  
  1  7:09  Supply Depot  
Show
View Real Time Build Order
Export as new Build Order

Zarepath Zerg - Winner!

Build Orders: Pool First 

Get SALT Encoding   

  8  0:00  Drone  
  9  0:11  Drone  
  10  0:16  Drone  
  11  0:24  Drone  
  12  0:35  Overlord  
  12  0:53  Drone  
  12  0:54  Drone x2  
  15  1:10  Drone  
  16  1:15  Spawning Pool  
  15  1:23  Drone  
  15  1:24  Drone  
  17  1:27  Extractor  
  16  1:37  Drone  
  17  1:51  Drone  
  17  1:52  Drone  
  19  2:01  Overlord  
  19  2:12  Hatchery  
  18  2:40  Queen  
  18  2:44  Drone  
  21  2:46  Metabolic Boost  
  21  2:51  Roach Warren  
  20  2:54  Evolution Chamber  
  20  2:55  Extractor  
  20  2:56  Drone x2  
  20  3:01  Overlord  
  20  3:24  Drone x2  
  20  3:25  Drone  
  23  3:29  Lair  
  23  3:35  Queen  
  25  3:55  Zerg Missile Weapons Level 1  
  25  3:57  Drone x4  
  25  4:00  Drone  
  30  4:04  Drone  
  30  4:08  Drone  
  32  4:22  Spine Crawler  
  28  4:25  Spine Crawler  
  28  4:27  Roach  
  28  4:31  Roach  
  29  4:39  Overlord  
  29  4:50  Overseer  
  29  4:59  Overlord x2  
  27  5:03  Glial Reconstitution  
  27  5:36  Queen  
  27  5:37  Hatchery  
  27  5:41  Ravager x2  
  30  5:59  Drone x3  
  33  6:22  Tunneling Claws  
  33  6:25  Zerg Ground Armor Level 1  
  33  6:29  Roach  
  33  6:30  Roach x3  
  41  6:35  Burrow  
  41  6:42  Overseer  
  41  6:58  Roach x3  
  47  7:19  Roach x4  
  55  7:26  Overlord x2  
  55  7:48  Spine Crawler x2  
  55  7:50  Spine Crawler  
  52  8:02  Drone  
  52  8:03  Drone x3  
  56  8:44  Drone x10  
  56  8:46  Zerg Ground Armor Level 2  
  66  8:53  Spire  
  65  9:33  Drone x2  
  65  9:34  Drone  
  65  9:36  Extractor  
  67  9:39  Drone x2  
  67  9:40  Extractor, Drone  
  69  10:04  Drone x3  
  72  10:07  Overlord x3  
  72  10:08  Overlord  
  72  10:10  Hatchery  
  71  10:36  Evolution Chamber  
  70  10:46  Roach x16  
  70  10:47  Roach  
  104  10:54  Roach x3  
  104  11:00  Roach x8  
  104  11:12  Roach x8  
  104  11:22  Roach x3  
  104  11:25  Roach x8  
  104  11:48  Roach x8  
  104  11:53  Roach x8  
  104  12:00  Drone x3  
  105  12:01  Queen  
  105  12:07  Roach x8  
  105  12:17  Roach x7  
  105  12:18  Roach x3  
  105  12:24  Roach  
  91  12:57  Zerg Melee Weapons Level 1  
  91  13:02  Infestation Pit  
  90  13:22  Roach x3  
  90  13:25  Roach  
  90  13:27  Zerg Flyer Weapons Level 1  
  86  14:02  Hive  
  84  14:08  Drone x2  
  84  14:09  Drone x7  
  93  14:11  Extractor  
  93  14:14  Extractor, Drone x3  
  93  14:16  Drone x3  
  97  14:30  Corruptor x3  
  97  14:31  Corruptor x2  
  103  14:33  Overlord x3  
  103  14:34  Overlord x3  
  103  14:35  Overlord x4  
  103  14:36  Overlord x5  
  107  14:51  Zerg Missile Weapons Level 2  
  107  14:58  Queen  
  109  15:06  Hatchery  
  108  15:08  Spore Crawler  
  108  15:12  Spine Crawler  
  106  15:24  Greater Spire  
  106  15:25  Corruptor x10  
  126  15:36  Roach x3  
  126  15:37  Roach x3  
  138  16:08  Zerg Ground Armor Level 3  
  138  16:45  Brood Lord x10  
  138  16:46  Brood Lord x5  
  168  16:54  Corruptor  
  168  16:55  Corruptor x3  
  176  17:01  Zerg Flyer Weapons Level 2  
  176  17:19  Drone  
  176  17:20  Drone x10  
  187  17:39  Corruptor x4  
  195  19:14  Corruptor  
  195  19:15  Corruptor  
  199  19:23  Spine Crawler  
  198  19:24  Spine Crawler  
  191  20:08  Roach  
  191  20:09  Roach x3  
  186  20:36  Overlord x3  
  186  20:37  Overlord x6  
  186  20:45  Overlord  
  186  20:46  Overlord x5  
  178  21:33  Hatchery  
  178  21:37  Hatchery  
  178  21:38  Hatchery x3  
  136  22:19  Hatchery  
  130  22:45  Overseer  
  94  23:32  Hatchery  
  77  23:46  Spawning Pool  
  61  24:17  Roach  
  61  24:48  Hatchery  
  53  25:16  Lair  
  53  26:14  Spire  
  53  26:16  Hatchery  
  49  26:41  Drone x3  
  43  27:28  Drone x3  
  46  27:37  Spawning Pool  
  43  27:54  Hatchery  
  42  28:01  Hatchery  
  41  28:24  Hatchery  
  40  28:27  Lair  
  40  28:29  Drone x3  
  42  29:35  Hatchery  
  41  29:44  Spire  
  38  30:25  Hatchery  
  37  30:53  Hatchery  
  28  31:28  Hatchery  
  23  31:37  Hatchery  
  22  31:56  Drone x3  
  22  31:59  Hatchery  
  24  32:06  Drone  
  25  32:18  Hatchery  
  23  32:38  Hatchery  
  23  32:43  Hatchery  
  21  32:56  Drone  
  22  33:03  Spawning Pool  
  20  33:22  Drone x3  
  17  33:48  Drone x2  
  17  33:49  Drone  
  17  33:50  Lair  
  19  34:29  Drone  
  19  34:30  Drone x2  
  19  35:07  Spire  
  18  35:26  Hatchery  
  12  36:15  Zergling x6  
  15  36:21  Hatchery  
  12  36:39  Corruptor x2  
  16  36:44  Corruptor  
  17  37:08  Corruptor  
  18  37:22  Drone  
  18  37:57  Roach  
Tags
 
Add a new tag
Caveats
  • Supply blocks, unpowered buildings, or Contaminate may cause inaccurate times.
  • Supply counts are checked every 10 seconds.